 Dungeon Crawl Stone Soup version 0.17.1-1-g73c8601 (webtiles) character file.

3647 Miyamura the Cudgeler (level 9, -2/88 HPs)
             Began as a Troll Monk on Dec 13, 2015.
             Was a Believer of Ru.
             Slain by a killer bee (6 damage)
             ... on level 8 of the Dungeon.
             The game lasted 00:29:54 (6438 turns).

Miyamura the Cudgeler (Troll Monk)                  Turns: 6438, Time: 00:29:56

Health: -2/88      AC:  6    Str: 23    XL:     9   Next: 88%
Magic:  8/8        EV:  7    Int:  6    God:    Ru [**....]
Gold:   167        SH:  0    Dex: 13    Spells: 0 memorised, 8 levels left

rFire  . . .     SeeInvis .     N - +2 whip (elec)
rCold  . . .     Clarity  .     a - +1 robe
rNeg   . . .     SustAt   .     (no shield)
rPois  .         Gourm    +     (helmet restricted)
rElec  .         Spirit   .     (no cloak)
rCorr  .         Warding  .     (gloves unavailable)
rMut   .         Stasis   .     (boots unavailable)
MR     +....                    (no amulet)
Stlth  ..........               (no ring)
                                m - ring of protection from magic

@: lethally poisoned (-2 -> -9), drained, somewhat resistant to hostile
enchantments, extremely unstealthy
A: unfitting armour, claws 3, fast metabolism 3, gourmand, regeneration 2,
shaggy fur 1, tough skin 2, no stealth, no conjurations magic, no ice magic, no
transmutations magic
a: Renounce Religion


You were on level 8 of the Dungeon.
You worshipped Ru.
Ru was pleased with you.
You were full.

You visited 2 branches of the dungeon, and saw 9 of its levels.

You collected 528 gold pieces.
You spent 361 gold pieces at shops.

Inventory:

Hand Weapons
 t - a +1 blowgun
 D - a +0 giant club
 H - a +1 spear of venom
 N - a +2 whip of electrocution (weapon)
Missiles
 e - 320 stones (quivered)
 u - 15 poisoned needles
 G - 8 steel javelins
Armour
 a - a +1 robe (worn)
 J - a fire dragon hide
Jewellery
 c - an uncursed ring of magical power
 j - an uncursed ring of fire
 m - a ring of protection from magic (left claw)
Wands
 p - a wand of digging (16)
 x - a wand of frost (33)
 y - a wand of draining (6)
 C - a wand of confusion (8)
 E - a wand of fire (4)
 K - a wand of paralysis (12)
 M - a wand of slowing (27)
Scrolls
 d - 5 scrolls of remove curse
 q - 2 scrolls of teleportation
 B - 2 scrolls of blinking
 L - 3 scrolls of identify
Potions
 f - 2 potions of lignification
 g - a potion of cancellation
 h - a potion of ambrosia {unknown}
 i - a potion of curing
 l - 3 potions of agility
 n - 2 potions of poison {unknown}
 r - 2 potions of berserk rage
 s - 2 potions of brilliance
 A - a potion of resistance {unknown}
 F - a potion of magic {unknown}
Books
 o - a book of Enchantments

   Spells                             Type                      Level
   a - Cause Fear                     Hexes                        4
   b - Silence                        Hexes/Air                    5
   c - Deflect Missiles               Charms/Air                   6
   d - Haste                          Charms                       6
   e - Discord                        Hexes                        8
Comestibles
 b - 8 bread rations
 k - 3 meat rations
 v - 2 fruits
 w - a slice of pizza
 z - a beef jerky


   Skills:
 - Level 5.2(4.9) Fighting
 * Level 7.8(7.4) Maces & Flails
 - Level 5.0(4.7) Throwing
 - Level 0.7(0.4) Armour
 - Level 5.0(4.7) Dodging
 - Level 7.2(6.9) Unarmed Combat


You had 8 spell levels left.
You didn't know any spells.

Dungeon Overview and Level Annotations

Branches:
Dungeon (8/15)             Temple (1/1) D:7
   Lair: D:8-11

Altars:
Ashenzari
Cheibriados
Dithmenos
Elyvilon
Fedhas
Kikubaaqudgha
Makhleb
Nemelex Xobeh
Okawaru
Qazlal
Ru
Sif Muna
Trog
Vehumet
Xom
Yredelemnul
The Shining One

Shops:
D:5 *   D:7 }


Innate Abilities, Weirdness & Mutations

You are too large for most types of armour.
You have claws for hands.
Your metabolism is lightning-fast.
You like to eat raw meat.
You heal very quickly.
You are covered in fur (AC +1).
You have very tough skin (AC +2).
You cannot be stealthy.
You cannot study or cast Conjurations magic.
You cannot study or cast Ice magic.
You cannot study or cast Transmutations magic.


Message History

* * * LOW HITPOINT WARNING * * *
You are more poisoned.
The killer bee poisons you! The killer bee barely misses you.
The killer bee stings you.
* * * LOW HITPOINT WARNING * * *
The killer bee closely misses you.
There is a stone staircase leading up here.
You feel sick. The killer bee stings you.
* * * LOW HITPOINT WARNING * * *
You are more poisoned.
The killer bee poisons you!
The killer bee stings you but does no damage. x2
The orc priest invokes the aid of Beogh against you.
Something smites you!
* * * LOW HITPOINT WARNING * * *
The killer bee stings you.
* * * LOW HITPOINT WARNING * * *
The killer bee stings you but does no damage.
The killer bee stings you.
You die...

._.....g............#
#.#.......o......##.#
......#.########o######
.#....#.#..≈≈§≈≈(.....#
#... #.#.#≈###≈#.###.#
#... #.#.# #§.S....#
#.. #....≈#+#≈o..####
#$. ..#.#≈≈.yy...#
#.#.....@yy..#
#.#####.##+#.# ... #..#
###. ##.# #. .. .. ...
.. ...# .#


You could see 4 killer bees, an orc priest, an adder and an orc.

Vanquished Creatures
  Pikel (D:5)
  A water moccasin (D:6)
  4 iguanas
  2 sky beasts
  2 ice beasts
  An orc warrior (D:6)
  A phantom (D:6)
  3 ogres
  A slave (D:5)
  2 centaurs
  2 big kobolds (D:6)
  A gnoll sergeant (D:6)
  3 giant frogs
  2 scorpions
  4 wights (D:7)
  2 crimson imps (D:7)
  7 hounds
  10 orc priests
  A gnoll shaman (D:6)
  2 jellies
  4 worker ants
  8 orc wizards
  A hound skeleton (D:4)
  9 adders
  11 gnolls
  2 oozes
  An adder skeleton (D:6)
  An adder zombie (D:7)
  3 worms
  4 giant geckos
  26 orcs
  5 giant cockroaches
  18 hobgoblins
  11 jackals
  6 quokkas
  3 ball pythons
  7 bats
  A giant gecko skeleton (D:5)
  2 giant newts
  8 goblins
  19 kobolds
  2 quokka skeletons
  10 rats
214 creatures vanquished.

Vanquished Creatures (others)
  A slave (D:5)
  A worker ant (D:5)
  An ooze (D:5)
  A giant gecko (D:5)
  An orc (D:7)
  A plant (D:6)
6 creatures vanquished.

Grand Total: 220 creatures vanquished

Notes
Turn   | Place    | Note
--------------------------------------------------------------
     0 | D:1      | Miyamura the Troll Monk began the quest for the Orb.
     0 | D:1      | Reached XP level 1. HP: 22/22 MP: 0/0
    24 | D:1      | Reached XP level 2. HP: 27/29 MP: 1/1
   321 | D:1      | Reached XP level 3. HP: 36/36 MP: 2/2
   323 | D:1      | Reached skill level 1 in Throwing
  1039 | D:2      | Found a shattered altar of Ashenzari.
  1090 | D:2      | Reached XP level 4. HP: 36/44 MP: 3/3
  1241 | D:2      | Found a deep blue altar of Sif Muna.
  1449 | D:3      | Reached skill level 1 in Maces & Flails
  1547 | D:3      | Reached XP level 5. HP: 33/52 MP: 4/4
  1974 | D:3      | Found a stormy altar of Qazlal.
  2080 | D:3      | Found a shadowy altar of Dithmenos.
  2153 | D:3      | Reached skill level 5 in Unarmed Combat
  2300 | D:4      | Reached XP level 6. HP: 44/61 MP: 5/5
  2570 | D:4      | Found a snail-covered altar of Cheibriados.
  2588 | D:4      | Found a burning altar of Makhleb.
  2951 | D:5      | Entered Level 5 of the Dungeon
  3041 | D:5      | Noticed Pikel
  3060 | D:5      | Killed Pikel
  3060 | D:5      | Reached skill level 6 in Unarmed Combat
  3060 | D:5      | Reached XP level 7. HP: 48/70 MP: 6/6
  3070 | D:5      | Reached XP level 8. HP: 60/78 MP: 7/7
  3500 | D:5      | Found Pikom's General Store.
  3508 | D:5      | Bought a wand of draining (8) for 132 gold pieces
  3508 | D:5      | Bought a scroll of teleportation for 33 gold pieces
  3535 | D:5      | Found a sacrificial altar of Ru.
  3540 | D:5      | Became a worshipper of Ru the Awakened
  3551 | D:5      | Gained mutation: You cannot be stealthy. [Ru sacrifice]
  4352 | D:6      | Reached skill level 5 in Fighting
  4475 | D:6      | Reached XP level 9. HP: 83/88 MP: 8/8
  4529 | D:6      | Reached skill level 7 in Unarmed Combat
  4822 | D:6      | Reached skill level 5 in Throwing
  4822 | D:6      | Reached skill level 5 in Dodging
  4882 | D:6      | Found a white marble altar of Elyvilon.
  5212 | D:6      | Reached skill level 5 in Maces & Flails
  5330 | D:7      | Found Roreetih's Gadget Boutique.
  5398 | D:7      | Bought a wand of paralysis (12) for 196 gold pieces
  5558 | D:7      | Gained mutation: You cannot study or cast Ice magic. [Ru sacrifice]
  5558 | D:7      | Gained mutation: You cannot study or cast Transmutations magic. [Ru sacrifice]
  5558 | D:7      | Gained mutation: You cannot study or cast Conjurations magic. [Ru sacrifice]
  5558 | D:7      | Reached * piety under Ru
  5558 | D:7      | Reached ** piety under Ru
  5689 | D:7      | Found a shimmering altar of Xom.
  6003 | D:7      | Found a staircase to the Ecumenical Temple.
  6012 | Temple   | Entered the Ecumenical Temple
  6416 | D:8      | Found an ancient bone altar of Kikubaaqudgha.
  6438 | D:8      | HP: 4/88 [killer bee (3)]
  6438 | D:8      | Slain by a killer bee

Action                   |  1- 3 |  4- 6 |  7- 9 || total
-------------------------+-------+-------+-------++-------
Melee: Unarmed           |   136 |   196 |   295 ||   627
       Whip              |       |       |    66 ||    66
 Fire: Blowgun           |       |       |    16 ||    16
Invok: Sacrifice Stealth |       |       |     1 ||     1
       Sacrifice Arcana  |       |       |     1 ||     1
Evoke: Wand              |       |       |     2 ||     2
  Use: Scroll            |     8 |     5 |     4 ||    17
       Potion            |       |       |     2 ||     2
 Stab: Sleeping          |     1 |     2 |     1 ||     4
  Eat: Chunk             |    13 |    20 |    30 ||    63
